 Dungeon Crawl Stone Soup version 0.32-a0-30-gefbe487952 (webtiles) character file.

Game seed: 5458156992887938916

53 Drazool the Caller (level 3, -4/21 HPs)
             Began as an Octopode Summoner on Jan 19, 2024.
             Slain by Natasha (8 damage)
             ... on level 2 of the Dungeon.
             The game lasted 00:05:43 (1722 turns).

Drazool the Caller (Octopode Summoner)              Turns: 1722, Time: 00:05:44

Health: -4/21      AC:  1    Str:  7    XL:     3   Next: 89%
Magic:  0/6        EV: 13    Int: 19    God:
Gold:   71         SH:  0    Dex: 12    Spells: 0/6 levels left

rFire   . . .        f - +1 dagger (venom)
rCold   . . .        (no shield)
rNeg    . . .        (helmet restricted)
rPois   .            (no amulet)
rElec   .            L - ring of flight
rCorr   .            (no ring)
SInv    .            (no ring)
Will    .....        (no ring)
Stlth   +++          (no ring)
HPRegen 0.23/turn    (no ring)
MPRegen 0.10/turn    (no ring)
                     (no ring)

%: no passive effects
@: flying, very slightly contaminated, slowed, inugami summoned, very slow
A: almost no armour, amphibious, 8 rings, camouflage 1, gelatinous body 1,
(nimble swimmer 1), tentacles
a: no special abilities


You were on level 2 of the Dungeon.
You visited 1 branch of the dungeon, and saw 2 of its levels.

You collected 71 gold pieces.


Innate Abilities, Weirdness & Mutations

You cannot wear most types of armour.
You are amphibious.
You can wear up to eight rings at the same time.
Your skin changes colour to match your surroundings (Stealth+).
Your rubbery body absorbs attacks. (AC +1, EV +1)
((You are camouflaged when in or above water. (Stealth+)))
You have tentacles for arms and can constrict up to eight enemies at once.


   Skills:
 - Level 2.0 Dodging
 - Level 2.6 Stealth
 - Level 2.0 Spellcasting
 + Level 5.4 Summonings


You couldn't memorise any spells.
You knew the following spells:

 Your Spells              Type           Power      Damage    Failure   Level
c - Call Imp              Summ           44%        N/A       2%          2
f - Call Canine Familiar  Summ           22%        N/A       5%          3
z - Summon Small Mammal   Summ           88%        N/A       1%          1

Your spell library contained the following spells:

 Spells                   Type           Power      Damage    Failure   Level
 Kiss of Death            Conj/Necr      4%         2d5       17%         1
 Confusing Touch          Hex            1%         N/A       45%         3
 Summon Blazeheart Golem  Fire/Summ      12%        N/A       50%         4
 Summon Lightning Spire   Summ/Air       12%        N/A       50%         4
 Dispel Undead            Necr           1%         3d6       86%         4

Inventory:

Hand Weapons
 f - a +1 dagger of venom (weapon)
Jewellery
 L - a ring of flight (left tentacle)
Scrolls
 b - a scroll of blinking {unknown}
 d - 2 scrolls of identify {unknown}
 e - a scroll of enchant armour {unknown}
 g - a scroll of brand weapon {unknown}
Potions
 a - a potion of magic
 c - a potion of degeneration {unknown}
 h - a potion of heal wounds {unknown}
 i - a potion of curing {unknown}

Dungeon Overview and Level Annotations

Branches:
Dungeon (2/15)

Altars:

Annotations:
D:2 Natasha

# .. .## ... ..... ...#
.....### ####..[.#
............####@hh....#
......##.........#######
.........)...###........
.......#..........######
......##..........#
..................#
......##..........#
...........#####.##
......####.........


You could see Natasha (poisoned, ally target) and a friendly inugami (summoned).


Message History

Found a sling.
Natasha, Servant of Life and Death comes into view.
Found a ring mail.
Natasha moves out of view.
Natasha casts a spell at you.
You feel yourself slow down.
Your inugami closely misses Natasha.
Natasha claws your inugami.
Your inugami hits Natasha. Natasha closely misses your inugami.
Your inugami hits Natasha but does no damage.
Unknown command.
Your inugami disappears in a puff of smoke!
Natasha stares at you and mumbles some strange words.
You feel as though you will be slow longer.
Casting: Call Canine Familiar (quite dangerous; 5% risk of failure)
Confirm with . or Enter, or press ? or * to list all spells.
You miscast Call Canine Familiar.
You are very lightly contaminated with residual magic.
Nothing appears to happen.
Natasha claws you! x2
* * * LOW HITPOINT WARNING * * *
Unknown command.
Unknown command.
Casting: Call Canine Familiar (quite dangerous; 5% risk of failure)
Confirm with . or Enter, or press ? or * to list all spells.
You call for your canine familiar and it appears with a howl!
Natasha closely misses you.
You hit Natasha but do no damage.
Natasha is poisoned.
You grab Natasha.
Natasha is lightly wounded.
You constrict Natasha, but do no damage.
Natasha closely misses you.
Your inugami hits Natasha. Natasha claws you!
You die...
Natasha curls up and begins to purr.

Skill      XL: |  1  2  3 |
---------------+----------+-----
Summonings     | 5 |  5.4
Dodging        | |  2.0
Stealth        | |  2.6
Spellcasting   | |  2.0

Action                     || total
---------------------------++-------
  Melee: Unarmed           ||     9
         Constrict         ||     4
         Tentacles         ||     2
         Dagger            ||    10
   Cast: Summon Small Mamm ||    33
         Call Imp          ||    15
         Call Canine Famil ||     2
 Armour: Skin              ||    11
  Dodge: Dodged            ||    16

Levels and vault maps discovered:
D:1:      onia_arrival_pentagram, layout_loops_ring, serial_forest,
          infiniplex_forest_end_2, infiniplex_forest_zigzag_2,
          infiniplex_forest_lined_2, infiniplex_forest_lined_3_way,
          infiniplex_forest_lined_3, infiniplex_forest_straight_5,
          infiniplex_forest_clump_long
D:2:      layout_rooms, st_stairs_12, minmay_splitting_lines, uniq_natasha

Notes
Turn   | Place    | Note
-------+----------+-------------------------------------------
     0 | D:1      | Drazool the Octopode Summoner began the quest for the Orb.
     0 | D:1      | Reached XP level 1. HP: 11/11 MP: 3/3
   317 | D:1      | Reached XP level 2. HP: 13/17 MP: 1/5
   401 | D:1      | Learned a level 2 spell: Call Imp
   886 | D:1      | Reached XP level 3. HP: 21/21 MP: 2/6
   892 | D:1      | Learned a level 3 spell: Call Canine Familiar
  1534 | D:2      | Reached skill level 5 in Summonings
  1714 | D:2      | Noticed Natasha
  1722 | D:2      | Slain by Natasha

Vanquished Creatures
  A ball python (D:1)
  A goblin (D:1)
  A bat (D:1)
  A rat (D:2)
4 creatures vanquished.

Vanquished Creatures (collateral kills)
  An iguana (D:2)
  A bat (D:1)
  3 endoplasms (D:1)
  A giant cockroach (D:1)
  4 goblins
  3 hobgoblins (D:1)
  A kobold (D:1)
  4 ball pythons (D:1)
  3 frilled lizards (D:1)
  2 rats (D:1)
23 creatures vanquished.

Grand Total: 27 creatures vanquished

Table legend: (Time is in decaauts)
 A = Elapsed time spent in this place.
 B = Non-inter-level travel time spent in this place.
 C = Inter-level travel time spent in this place.
 D = Time resting spent in this place.
 E = Time spent auto-exploring this place.
 F = Levels seen in this place.
 G = Mean time per level.
                   A        B        C        D        E       F      G
               +--------+--------+--------+--------+--------+-----+--------+
         Total |   1723 |   1675 |     48 |     53 |   1269 |   2 |  861.5 |
       Dungeon |   1723 |   1675 |     48 |     53 |   1269 |   2 |  861.5 |
               +--------+--------+--------+--------+--------+-----+--------+

Top non-repeatable levels by time:
     D:1: 1523 daAuts
     D:2: 200 daAuts

Table legend:
 A = Non-vault XP
 B = Vault XP
 C = Vault XP percentage of total XP
 D = Non-vault monster count
 E = Vault monster count
 F = Vault count percentage of total count
                 A         B        C        D         E       F
            +---------+---------+-------+---------+---------+-------
      Total |      74 |       3 |   3.9 |      25 |       2 |   7.4
            +---------+---------+-------+---------+---------+-------
        D:1 |      38 |       0 |   0.0 |      24 |       0 |   0.0
        D:2 |      36 |       3 |   7.7 |       1 |       2 |  66.7
            +---------+---------+-------+---------+---------+-------
